 Dungeon Crawl Stone Soup version 0.29.0-7-g18a832c13a (webtiles) character file.

Game seed: 473268342008299647

26 Querens the Covered (level 3, 0/21 (31) HPs)
             Began as a Meteoran Fighter on Sept 1, 2022.
             Succumbed to an adder's poison
             ... on level 2 of the Dungeon.
             The game lasted 00:03:17 (722 turns).

Querens the Covered (Meteoran Fighter)               Turns: 722, Time: 00:03:18

HP:   0/21 (31)     AC:  7    Str: 18 (19) XL:     3   Next: 41%
MP:   4/4           EV:  9    Int:  8 (9)  God:
Gold: 59            SH:  5    Dex: 12 (14) Spells: 2/2 levels left

rFire   . . .      SeeInvis .   a - +0 war axe
rCold   . . .      Faith    .   c - +0 buckler
rNeg    . . .      Spirit   .   b - +0 scale mail
rPois   .          Reflect  .   (no helmet)
rElec   .          Harm     .   (no cloak)
rCorr   .          Rampage  .   (no gloves)
Will    .....                   (no boots)
Stlth   ..........              (no amulet)
HPRegen 0.07/turn               (no ring)
MPRegen 0.09/turn               (no ring)

@: mighty, lethally poisoned (0 -> -9), hasted, glowing, very heavily drained,
very quick
A: sense surroundings 1, otherworldly, glowing, explore regen
a: no special abilities


You were on level 2 of the Dungeon.
You visited 1 branch of the dungeon, and saw 2 of its levels.

You collected 59 gold pieces.

Inventory:

Hand Weapons
 a - a +0 war axe (weapon)
Armour
 b - a +0 scale mail (worn)
 c - a +0 buckler (worn)
Scrolls
 h - a scroll of identify {unknown}
 i - a scroll of teleportation {unknown}
Potions
 g - a potion of degeneration


   Skills:
 + Level 3.6 Fighting
 + Level 3.0 Axes
 + Level 4.1 Armour
 + Level 4.0 Shields


You had 2 spell levels left.
You didn't know any spells.
Your spell library was empty.

Dungeon Overview and Level Annotations

Branches:
Dungeon (2/15) Zot: 652

Altars:


Innate Abilities, Weirdness & Mutations

You passively map a small area around you.
You are easily found by Zot.
You glow in the dark.
You regain HP and MP as you explore.


Message History

Unknown command.
Unknown command.
You miss the adder.
* * * LOW HITPOINT WARNING * * *
You feel sick.
The adder bites you but does no damage. x2
Unknown command.
Unknown command.
It was a potion of degeneration.
There was something very wrong with that liquid.
You feel weakened.
You feel dopey.
You feel clumsy.
You feel sick. You block the adder's attack.
It was a potion of curing.
You feel better. You block the adder's attack.
You feel very mighty all of a sudden. The adder barely misses you. x2
You barely miss the adder.
The adder bites you but does no damage. x2
You hit the adder.
The adder is heavily wounded.
The adder bites you but does no damage.
You barely miss the adder.
The adder is heavily wounded.
The adder barely misses you. The adder bites you but does no damage.
You barely miss the adder.
The adder is heavily wounded.
The adder bites you.
You are poisoned.
The adder poisons you! The adder bites you but does no damage.
You miss the adder.
The adder is heavily wounded.
* * * LOW HITPOINT WARNING * * *
You feel sick. You block the adder's attack. x2
You barely miss the adder.
The adder is heavily wounded.
* * * LOW HITPOINT WARNING * * *
You feel sick. The adder bites you.
* * * LOW HITPOINT WARNING * * *
You are more poisoned.
The adder poisons you!
Unknown command.
It was a potion of haste.
You feel yourself speed up.
You die...

#.....# ,,**
#####.# * *
#.########
#......... *
## ####
##.###..##.
##., ..#
#....†..##.
##.. ##.#
#.####.#†.. *
#...#$#.###.#
#.#...
,,*#@##..##.#
#.#... ,
#S#....##.#
#.##.#
#l##.......#
#.....
#b#...#######
######
#b##..## *
.B#...#* **
...#..#
$$,#.# #.


You could see an adder, a giant cockroach, 2 bats and a frilled lizard.

Vanquished Creatures
  A dart slug (D:2)
  3 endoplasms (D:1)
  A giant cockroach (D:2)
  5 goblins
  2 hobgoblins (D:1)
  2 ball pythons (D:1)
  3 bats (D:1)
  4 frilled lizards
  A kobold (D:1)
  A rat (D:2)
23 creatures vanquished.

Notes
Turn   | Place    | Note
-------+----------+-------------------------------------------
     0 | D:1      | Querens the Meteoran Fighter began the quest for the Orb.
     0 | D:1      | Reached XP level 1. HP: 19/19 MP: 2/2
   145 | D:1      | Reached XP level 2. HP: 24/26 MP: 3/3
   443 | D:1      | Reached XP level 3. HP: 31/31 MP: 4/4
   483 | D:1      | Glimpsed the power of Zot.
   533 | D:1      | Glimpsed the power of Zot.
   573 | D:1      | Glimpsed the power of Zot.
   583 | D:1      | Touched by the power of Zot.
   722 | D:2      | Succumbed to an adder's poison

Illustrated notes

Levels and vault maps discovered:
D:1:      kennysheep_arrival_forest, layout_basic, serial_corexii_hall,
          corexii_hall_statues_x, chequers_hall_statues_corner_a
D:2:      layout_basic, hangedman_decor_peaks_small, serial_park_tiny_1,
          minmay_vboxes

Skill      XL: |  1  2  3 |
---------------+----------+-----
Armour         | 4 |  4.1
Axes           | 3 |  3.0
Shields        | 4 |  4.0
Fighting       | |  3.6

Action                   || total
-------------------------++-------
Melee: War axe           ||    66
  Use: Potion            ||     4
Armor: Scale mail        ||    49
Dodge: Dodged            ||    22
Block: Buckler           ||    20
